[Event "German Championship Women 2022"]
[Site "Magdeburg"]
[Date "2022.08.20"]
[Round "9.5"]
[White "Zhou, Lepu Coco"]
[Black "Bluebaum, Johanna"]
[Result "1-0"]
[ECO "C01"]
[WhiteElo "1986"]
[BlackElo "2013"]
[Annotator "NA RC"]
[PlyCount "109"]
[EventDate "2022.08.14"]
[EventType "swiss"]
[EventCountry "GER"]
[SourceTitle "playchess.com"]
[Source "ChessBase"]
[SourceQuality "1"]
[TimeControl "40/5400+30:1800+30"]

1. e4 e6 2. d4 d5 3. exd5 exd5 4. Bd3 Nf6 5. Nf3 Bg4 6. O-O Be7 7. Be3 O-O 8. Nbd2 Nbd7 9. c4 c6 10. c5 a5 $14 11. Qc2 h6 12. h3 Be6 13. Rfc1 Qc7 14. Rab1 Nh5 15. b4 a4 16. b5 Nf4 17. Bf1 g6 18. b6 Qb8 19. Rb4 Bf5 20. Qd1 g5 21. Rxa4 Rxa4 22. Qxa4 Qa8 23. Qb3 Ne6 24. a4 Bf6 25. Qa3 Nb8 26. a5 Na6 27. Bd3 Bxd3 28. Qxd3 Re8 29. Qf5 Qd8 30. h4 Ng7 31. Qh3 Re6 32. hxg5 hxg5 33. Qg4 Qd7 34. Nxg5 Bxg5 35. Qxg5 Rg6 36. Qe5 Qg4 37. Qh2 Nf5 38. f3 Qh4 39. Qxh4 Nxh4 40. g4 Nf5 41. Kf2 Ng7 42. Nf1 Re6 43. Bd2 f5 44. Re1 Kf7 45. Ng3 fxg4 46. fxg4 Rf6+ 47. Kg2 Rg6 48. Kh3 Ne6 49. Nf5 Naxc5 50. dxc5 Nxc5 51. Re7+ Kf6 52. Be1 Rg8 53. Bh4+ Kg6 54. Rc7 Nb3 55. Ne7+ 1-0

[Event "German Championship Women 2022"]
[Site "Magdeburg"]
[Date "2022.08.20"]
[Round "9.6"]
[White "Falke, Ornella"]
[Black "Wartenberg, Alissa"]
[Result "1-0"]
[ECO "B40"]
[WhiteElo "1912"]
[BlackElo "1632"]
[Annotator "NA RC"]
[PlyCount "73"]
[EventDate "2022.08.14"]
[EventType "swiss"]
[EventCountry "GER"]
[SourceTitle "playchess.com"]
[Source "ChessBase"]
[SourceQuality "1"]
[TimeControl "40/5400+30:1800+30"]

1. e4 c5 2. Nf3 e6 3. c4 Nc6 4. Nc3 Nf6 5. d4 cxd4 6. Nxd4 Bc5 7. Nxc6 dxc6 8. Qxd8+ Kxd8 9. f3 Re8 10. Bg5 e5 11. O-O-O+ Ke7 12. Na4 Bb4 13. Rd3 b5 14. Rb3 Ba5 15. cxb5 Be6 16. Re3 Red8 17. Nc3 cxb5 18. Bxb5 Rab8 19. Be2 Bxc3 20. Rxc3 Bxa2 21. Rd1 Rdc8 22. Rxc8 Rxc8+ 23. Kd2 Rd8+ 24. Kc3 Rc8+ 25. Kb4 Be6 26. Ka3 Rb8 27. b4 Rc8 28. Rc1 Kd6 29. Rd1+ Ke7 30. Rc1 Kd6 31. Rxc8 Bxc8 32. Be3 a6 33. Bc4 Ne8 34. Bc5+ Kc6 35. Bd5+ Kb5 36. Bxf7 Nc7 37. Bd6 1-0

[Event "German Championship Women 2022"]
[Site "Magdeburg"]
[Date "2022.08.20"]
[Round "9.7"]
[White "Storkebaum, Ulrike"]
[Black "Halas, Julia"]
[Result "0-1"]
[ECO "C01"]
[WhiteElo "1768"]
[BlackElo "2012"]
[Annotator "NA RC"]
[PlyCount "86"]
[EventDate "2022.08.14"]
[EventType "swiss"]
[EventCountry "GER"]
[SourceTitle "playchess.com"]
[Source "ChessBase"]
[SourceQuality "1"]
[TimeControl "40/5400+30:1800+30"]

1. e4 e6 2. d4 d5 3. exd5 exd5 4. Nf3 Bd6 5. Bd3 Ne7 6. O-O Bg4 7. Re1 Nbc6 8. c3 Qd7 9. Nbd2 O-O-O 10. b4 Ng6 11. b5 Nce7 12. a4 Nf4 13. Nf1 Neg6 14. Bxf4 Nxf4 15. Qc2 Nxg2 16. Kxg2 Bh3+ 17. Kh1 Qg4 18. Bf5+ Qxf5 19. Qxf5+ Bxf5 20. Ne5 Bg6 21. Ng3 f6 22. Nf3 Rhe8 23. Kg1 Kd7 24. Nh4 Rxe1+ 25. Rxe1 Re8 26. Rxe8 Bxe8 27. Nhf5 Bf8 28. Ne3 Bf7 29. f4 g6 30. Kf2 c6 31. Ng4 Bg7 32. Ke3 cxb5 33. axb5 a5 34. bxa6 bxa6 35. Kd3 Kc6 36. Kc2 Kb5 37. Nf2 a5 38. Nd3 Bf8 39. Ne2 Bd6 40. Nec1 Be6 41. Kd2 Bf5 42. Ke3 a4 43. h4 a3 0-1

[Event "German Championship Women 2022"]
[Site "Magdeburg"]
[Date "2022.08.20"]
[Round "9.8"]
[White "Petersen, Sophie"]
[Black "Basovskiy, Jana"]
[Result "1-0"]
[ECO "B30"]
[WhiteElo "1597"]
[BlackElo "1867"]
[Annotator "NA RC"]
[PlyCount "49"]
[EventDate "2022.08.14"]
[EventType "swiss"]
[EventCountry "GER"]
[SourceTitle "playchess.com"]
[Source "ChessBase"]
[SourceQuality "1"]
[TimeControl "40/5400+30:1800+30"]

1. e4 c5 2. Nf3 Nc6 3. Bb5 Nd4 4. Nxd4 cxd4 5. c3 a6 6. Bc4 dxc3 7. Nxc3 e6 8. O-O b5 9. Bb3 Bb7 10. Re1 Bc5 11. d4 Ba7 12. Bf4 Ne7 13. Rc1 Rc8 14. Bd6 O-O 15. Qd2 Re8 16. e5 Nf5 17. d5 Nxd6 18. exd6 Qf6 19. Ne4 Qg6 20. Rc7 Rxc7 21. dxc7 Rc8 22. dxe6 Bxe4 23. Rxe4 fxe6 24. Qxd7 Qxe4 25. Bxe6+ 1-0

[Event "German Championship Women 2022"]
[Site "Magdeburg"]
[Date "2022.08.20"]
[Round "9.9"]
[White "Peglau, Sarah"]
[Black "Voigt, Anastasia"]
[Result "1/2-1/2"]
[ECO "D63"]
[WhiteElo "1782"]
[BlackElo "1694"]
[Annotator "NA RC"]
[PlyCount "80"]
[EventDate "2022.08.14"]
[EventType "swiss"]
[EventCountry "GER"]
[SourceTitle "playchess.com"]
[Source "ChessBase"]
[SourceQuality "1"]
[TimeControl "40/5400+30:1800+30"]

1. Nf3 d5 2. d4 Nf6 3. Bf4 e6 4. e3 Bd6 5. Bg5 O-O 6. c4 Nbd7 7. Nc3 Be7 8. Rc1 dxc4 9. Bxc4 c5 10. O-O a6 11. a4 b6 12. Qe2 Bb7 13. Rfd1 Qb8 14. d5 exd5 15. Nxd5 Bxd5 16. Bxd5 Nxd5 17. Bxe7 Nxe7 18. Rxd7 Nc6 19. Rcd1 Rd8 20. Qc4 Rxd7 21. Rxd7 Qe8 22. Qd3 Rd8 23. Rxd8 Qxd8 24. Qxd8+ Nxd8 25. Ne5 b5 26. axb5 axb5 27. Kf1 Nb7 28. Ke2 f6 29. Nc6 Kf7 30. Kd3 Ke6 31. e4 Nd6 32. b3 g6 33. f3 h6 34. g3 Kd7 35. Nb8+ Kc7 36. Na6+ Kb6 37. Nb8 Kc7 38. Na6+ Kb6 39. Nb8 Kc7 40. Na6+ Kb6 1/2-1/2

[Event "German Championship Women 2022"]
[Site "Magdeburg"]
[Date "2022.08.20"]
[Round "9.10"]
[White "Heil, Marina"]
[Black "Peglau, Dora"]
[Result "0-1"]
[ECO "A34"]
[WhiteElo "1926"]
[BlackElo "1920"]
[Annotator "NA RC"]
[PlyCount "108"]
[EventDate "2022.08.14"]
[EventType "swiss"]
[EventCountry "GER"]
[SourceTitle "playchess.com"]
[Source "ChessBase"]
[SourceQuality "1"]
[TimeControl "40/5400+30:1800+30"]

1. c4 c5 2. Nc3 Nf6 3. g3 d5 4. cxd5 Nxd5 5. Bg2 Nc7 6. d3 e5 7. Nf3 Nc6 8. O-O Be7 9. Be3 Be6 10. Ne4 b6 11. Rc1 Qd7 12. Neg5 Bd5 13. Qa4 O-O 14. Bh3 f5 15. Ne4 Rad8 16. Nc3 Be6 17. Bg2 h6 18. Nh4 b5 19. Nxb5 Nd4 20. Bxd4 exd4 21. Ng6 Bd6 22. Nxf8 Rxf8 23. Nxc7 Qxa4 24. Nxe6 Rb8 25. Bd5 Kh7 26. Bb3 Qa5 27. Rc2 Rb5 28. Rfc1 Qb6 29. Rc4 Be7 30. Kf1 Qxe6 31. Rxd4 Qc6 32. Bd5 Qf6 33. Ra4 Qxb2 34. Rcc4 a5 35. Rf4 Qe5 36. Bc4 Rb1+ 37. Kg2 Bg5 38. d4 cxd4 39. Rxf5 Qe4+ 40. Rf3 Qc6 41. Bd3+ g6 42. Rxa5 Bd8 43. Ra6 Rb6 44. Ra7+ Rb7 45. Ra8 Rd7 46. Ra3 h5 47. h4 Bb6 48. Rb3 Ra7 49. a4 Qe6 50. Bb5 Rc7 51. Ra3 Ba5 52. Rf4 Bc3 53. Bd3 Qd6 54. Rb3 Qd5+ 0-1

[Event "German Championship Women 2022"]
[Site "Magdeburg"]
[Date "2022.08.20"]
[Round "9.11"]
[White "Fock, Sana"]
[Black "Mader, Lena"]
[Result "1/2-1/2"]
[ECO "B10"]
[WhiteElo "1807"]
[BlackElo "1826"]
[Annotator "NA RC"]
[PlyCount "74"]
[EventDate "2022.08.14"]
[EventType "swiss"]
[EventCountry "GER"]
[SourceTitle "playchess.com"]
[Source "ChessBase"]
[SourceQuality "1"]
[TimeControl "40/5400+30:1800+30"]

1. e4 c6 2. Nc3 d5 3. Nf3 dxe4 4. Nxe4 Nf6 5. Qe2 Nxe4 6. Qxe4 Qd5 7. Qh4 Bf5 8. Bc4 Qe4+ 9. Qxe4 Bxe4 10. Bxf7+ Kxf7 11. Ng5+ Ke8 12. Nxe4 Nd7 13. b3 Nf6 14. Nxf6+ exf6 15. Bb2 Rd8 16. O-O-O Bc5 17. f3 Kf7 18. Rde1 Rd7 19. d3 Rhd8 20. Re4 Bd6 21. g4 g6 22. Rhe1 Bf8 23. R1e2 Bg7 24. Ba3 Bf8 25. Bxf8 Kxf8 26. Re6 Kf7 27. h4 h6 28. a3 g5 29. h5 Rc8 30. d4 Rcc7 31. R6e4 c5 32. dxc5 Rxc5 33. Kb2 Rdc7 34. R4e3 R5c6 35. Re4 Rc5 36. R4e3 R5c6 37. Re4 Rc5 1/2-1/2

[Event "German Championship Women 2022"]
[Site "Magdeburg"]
[Date "2022.08.20"]
[Round "9.12"]
[White "Spiel, Marianne"]
[Black "Just, Anita"]
[Result "1/2-1/2"]
[ECO "C07"]
[WhiteElo "1893"]
[BlackElo "1905"]
[Annotator "NA RC"]
[PlyCount "156"]
[EventDate "2022.08.14"]
[EventType "swiss"]
[EventCountry "GER"]
[SourceTitle "playchess.com"]
[Source "ChessBase"]
[SourceQuality "1"]
[TimeControl "40/5400+30:1800+30"]

1. e4 e6 2. d4 d5 3. Nd2 c5 4. exd5 Qxd5 5. Ngf3 cxd4 6. Bc4 Qd6 7. O-O Nf6 8. Nb3 Nc6 9. Nbxd4 Nxd4 10. Qxd4 Qxd4 11. Nxd4 a6 12. Bg5 Be7 13. c3 h6 14. Bh4 Ne4 15. Bxe7 Kxe7 16. Rad1 Bd7 17. Rfe1 Nd6 18. Be2 Rac8 19. Bf3 Rc7 20. Re2 Rhc8 21. Bg4 g6 22. f4 Nb5 23. Nf3 Bc6 24. Ne5 Nd6 25. Nxg6+ Kf6 26. Ne5 Nf5 27. Nxc6 Rxc6 28. Kf2 R8c7 29. g3 Ne7 30. Bf3 Rc5 31. Rd4 Nc6 32. Rd6 Ne7 33. Red2 Nc8 34. Rd7 Nb6 35. Rxc7 Rxc7 36. Be2 Ke7 37. Rd4 Nd5 38. Bd1 Nf6 39. h3 Ne8 40. Bb3 Nd6 41. Kf3 Rc8 42. Rd2 Rc5 43. g4 Rc8 44. Re2 Kf6 45. Rd2 Ke7 46. Rd4 Rc5 47. a3 Rb5 48. Rb4 Rc5 49. Ba2 Rc7 50. Rd4 Rc5 51. c4 Rc8 52. b4 Rc7 53. c5 Nb5 54. Rd3 a5 55. Ke3 axb4 56. axb4 Na7 57. Kd2 Nc6 58. Kc3 Nd8 59. Bc4 b6 60. cxb6 Rc6 61. Re3 Rxb6 62. b5 Kd6 63. Re5 f6 64. Re1 e5 65. fxe5+ fxe5 66. Ra1 Kc5 67. Ra6 Nb7 68. Rxb6 Kxb6 69. Bd3 Nd6 70. h4 Kc5 71. g5 hxg5 72. hxg5 e4 73. Be2 Ne8 74. g6 Ng7 75. Kd2 Nf5 76. Bg4 Ne7 77. Bh5 Nxg6 78. Bxg6 Kxb5 1/2-1/2